 Dungeon Sprint DCSS version 0.21-a0-270-g8204059 (webtiles) character file.

656 potatolord6000 the Fighter (level 7, -1/63 HPs)
             Began as a Mummy Fighter on Sept 13, 2017.
             Slain by a crocodile (shapeshifter) (2 damage)
             ... in the Dungeon (Sprint V: "Ziggurat Sprint").
             The game lasted 00:01:26 (155 turns).

potatolord6000 the Fighter (Mummy Fighter)           Turns: 155, Time: 00:01:27

Health: -1/63      AC: 23    Str: 33    XL:     7   Next: 29%
Magic:  7/7        EV:  0    Int:  7    God:
Gold:   0          SH: 30    Dex: 12    Spells: 6/6 levels left

rFire    x . .     SeeInvis .   e - +9 sword of Zonguldrok {reap}
rCold    + . .     Gourm    .   f - +18 shield of the Gong {rElec rN+ MR+ EV-5}
rNeg     + + +     Faith    .   a - +5 crystal plate armour
rPois    ∞         Spirit   .   (no helmet)
rElec    +         Reflect  .   (no cloak)
rCorr    .         Harm     .   (no gloves)
MR       +....     NoTele   +   (no boots)
Stlth    ..........             (no amulet)
HPRegen  0.20/turn              o - +6 ring of strength
MPRegen  0.10/turn              p - +6 ring of strength

@: no status effects
A: no food or potions, fire vulnerability, cold resistance 1, negative energy
resistance 3, torment resistance, unbreathing
a: no special abilities


You were in the Dungeon.
You were not hungry.

You visited 1 branch

Inventory:

Hand Weapons
 e - the +9 sword of Zonguldrok (weapon) {reap}
   (You found it in the Dungeon)

   If a monster killed with it leaves a corpse in good enough shape, the corpse
   will be animated as a zombie friendly to the killer.
Armour
 a - a +5 crystal plate armour (worn)
 f - the +18 shield of the Gong (worn) {rElec rN+ MR+ EV-5}
   (You found it in the Dungeon)

   It affects your evasion (-5).
   It insulates you from electricity.
   It protects you from negative energy.
   It affects your resistance to hostile enchantments.
Jewellery
 o - a +6 ring of strength (left hand)
 p - a +6 ring of strength (right hand)
Scrolls
 b - 4 scrolls of amnesia
 c - 3 scrolls of recharging
 d - 4 scrolls of blinking
 g - 7 scrolls of fog
 h - 5 scrolls of identify
 i - 5 scrolls of remove curse
 j - 2 scrolls of fear


   Skills:
 + Level 8.5 Fighting
 + Level 6.8 Long Blades
 + Level 7.1 Armour
 + Level 7.2 Shields


You had 6 spell levels left.
You didn't know any spells.

Dungeon Overview and Level Annotations

Branches:
Dungeon (1/1)

Altars:
Ashenzari
Cheibriados
Dithmenos
Elyvilon
Fedhas
Gozag
Hepliaklqana
Kikubaaqudgha
Makhleb
Nemelex Xobeh
Okawaru
Qazlal
Ru
Sif Muna
Trog
Uskayaw
Vehumet
Wu Jian
Xom
Yredelemnul
Zin
The Shining One
Beogh
Jiyva
Lugonu

Annotations:
D 1 transporter


Innate Abilities, Weirdness & Mutations

You do not eat or drink.
Your flesh is vulnerable to fire.
You are immune to poison.
Your flesh is cold resistant. (rC+)
You are immune to negative energy. (rN+++)
You are immune to unholy pain and torment.
You can survive without breathing.


Message History

The red ugly thing pecks you but does no damage.
Unknown command.
You barely miss the red ugly thing.
The red ugly thing is almost dead.
The crocodile bites you.
* * * LOW HITPOINT WARNING * * *
The red ugly thing pecks you but does no damage.
Unknown command.
Unknown command.
You slice the red ugly thing!!
You kill the red ugly thing!
Your Fighting skill gained 2 levels and is now at level 8!
Your Long Blades skill increases to level 6!
Your Armour skill gained 2 levels and is now at level 7!
Your Shields skill gained 2 levels and is now at level 7!
You have reached level 7!
You block the crocodile's attack.
PTOANNNG!
The crocodile bites you.
You die...

▓▓▓▓▓▓▓▓▓▓▓▓▓▓▓▓▓▓▓
▓.8©8.▓.8©8.▓.8©8.▓
▓.:!).▓.))}.▓.....▓
▓..=t.▓.....▓.:.:.▓
▓..@..▓.....▓.)...▓
▓.....▓...).▓.....▓
▓..)..▓.....▓..©..▓
▓..©..▓..©..▓▓▓▓▓▓▓
▓▓▓▓▓▓▓▓▓▓▓▓▓


You could see a crocodile shaped shifter.

Vanquished Creatures
  An ugly thing (D)
  A soldier ant (shapeshifter) (D)
  A sky beast (shapeshifter) (D)
  A wight (D)
  An orc wizard (D)
  An orc (D)
  A bat skeleton (D)
  A giant cockroach zombie (D)
8 creatures vanquished.

Notes
Turn   | Place    | Note
-------+----------+-------------------------------------------
     0 | D        | Found the +6 Majin-Bo {vamp, Archmagi MP+6 Int+6}
     0 | D        | Found the +7 great mace "Firestarter" {inner flame, rF++}
     0 | D        | potatolord6000 the Mummy Fighter began the quest for the Orb.
     0 | D        | Reached XP level 1. HP: 18/18 MP: 1/1
     0 | D        | Found a blossoming altar of Fedhas.
     1 | D        | Found a transporter.
     1 | D        | Found a viscous altar of Jiyva.
     1 | D        | Found an ancient bone altar of Kikubaaqudgha.
     1 | D        | Found a hazy altar of Hepliaklqana.
     1 | D        | Found a corrupted altar of Lugonu.
     1 | D        | Found an opulent altar of Gozag.
     1 | D        | Found a burning altar of Makhleb.
     4 | D        | Found a stormy altar of Qazlal.
     4 | D        | Found a sacrificial altar of Ru.
     4 | D        | Found an iron altar of Okawaru.
     4 | D        | Found a deep blue altar of Sif Muna.
     4 | D        | Found a sparkling altar of Nemelex Xobeh.
     4 | D        | Found a bloodstained altar of Trog.
    11 | D        | Found the +9 heavy crossbow "Sniper" {velocity, Acc+∞ SInv}
    11 | D        | Found the +10 dark maul {crush}
    11 | D        | Found the +15 Maxwell's patent armour {-Cast -Tele rElec MR+ rCorr}
    11 | D        | Found the +18 shield of the Gong {rElec rN+ MR+ EV-5}
    11 | D        | Found the cursed +14 obsidian axe {chop, +Fly SInv *Curse}
    12 | D        | Found the +6 shillelagh "Devastator" {shatter}
    12 | D        | Found the +11 plutonium sword {*Contam Stlth-}
    12 | D        | Found the +8 lance "Wyrmbane" {slay drac, rPois rF+ rC+ AC+3}
    12 | D        | Found the +9 sword of Zonguldrok {reap}
    12 | D        | Found the cursed +13 scythe of Curses {drain, *Curse}
    12 | D        | Found the +0 sword of Power
    12 | D        | Found the +7 Singing Sword
    12 | D        | Found the +7 longbow "Piercer" {penet, EV-2}
    89 | D        | Entered arena 2.
    89 | D        | Noticed an orc wizard
    89 | D        | Found a transporter.
    93 | D        | Killed an orc wizard
    93 | D        | Reached skill level 4 in Fighting
    93 | D        | Reached XP level 2. HP: 25/25 MP: 2/2
    96 | D        | Reached XP level 3. HP: 30/30 MP: 3/3
   107 | D        | Entered arena 3.
   107 | D        | Found a transporter.
   115 | D        | Reached XP level 4. HP: 38/38 MP: 4/4
   125 | D        | Entered arena 4.
   125 | D        | Noticed a sky beast
   125 | D        | Noticed a basilisk
   125 | D        | Noticed a red ugly thing
   125 | D        | Noticed a hog
   125 | D        | Found a transporter.
   127 | D        | Noticed a soldier ant
   127 | D        | a basilisk changed into a soldier ant
   134 | D        | Killed a sky beast
   134 | D        | Reached skill level 6 in Fighting
   134 | D        | Reached skill level 5 in Armour
   134 | D        | Reached skill level 5 in Shields
   134 | D        | Reached XP level 5. HP: 37/46 MP: 5/5
   142 | D        | Noticed a crocodile
   142 | D        | a hog changed into a crocodile
   146 | D        | Killed a soldier ant
   146 | D        | Reached skill level 5 in Long Blades
   146 | D        | Reached XP level 6. HP: 36/53 MP: 6/6
   154 | D        | HP: 1/53 [crocodile (shapeshifter) (4)]
   155 | D        | Killed a red ugly thing
   155 | D        | Reached skill level 8 in Fighting
   155 | D        | Reached XP level 7. HP: 1/63 MP: 7/7
   155 | D        | Slain by a crocodile (shapeshifter)

Vault maps used:
D:        sprint_v

Skill      XL: |  1  2  3  4  5  6 |
---------------+-------------------+-----
Fighting       | 4 6 8 |  8.5
Long Blades    | 2 3 4 5 6 |  6.8
Armour         | 3 4 5 7 |  7.1
Shields        | 3 4 5 7 |  7.2

Action                   |  1- 3 |  4- 6 |  7- 9 || total
-------------------------+-------+-------+-------++-------
Melee: Double sword      |     9 |    19 |       ||    28
Armor: Crystal plate arm |     5 |    27 |       ||    32
Dodge: Dodged            |       |     1 |       ||     1
Block: Shield            |     8 |    50 |     1 ||    59
       Rpst.: Double sword |       |     1 |       ||     1

Table legend:
 A = Spawn XP
 B = Non-spawn XP
 C = Spawn XP percentage of total XP
 D = Spawn monster count
 E = Non-spawn monster count
 F = Spawn count percentage of total count
 G = Total turns spent on level
                    A         B        C        D         E        F      G
               +---------+---------+-------+---------+---------+-------+---------
         Total |       0 |     938 |   0.0 |       0 |       8 |   0.0 |   155
               +---------+---------+-------+---------+---------+-------+---------
             D |       0 |     938 |   0.0 |       0 |       8 |   0.0 |   155
               +---------+---------+-------+---------+---------+-------+---------
